 Dungeon Crawl Stone Soup version 0.29-a0-620-g13ace881f2 (webtiles) character file.

Game seed: 5332857052934873144

809 wilfster70 the Cleaver (level 7, -1/51 (61) HPs)
             Began as a Hill Orc Fighter on June 18, 2022.
             Was a Follower of Beogh.
             Slain by a wight
             ... wielding a +4 spear
              (4 damage)
             ... on level 6 of the Dungeon.
             The game lasted 00:07:23 (4267 turns).

wilfster70 the Cleaver (Hill Orc Fighter)           Turns: 4267, Time: 00:07:24

HP:   -1/51 (61)    AC: 12    Str: 21    XL:     7   Next: 92%
MP:   10/10         EV:  7    Int:  8    God:    Beogh [*.....]
Gold: 142           SH:  4    Dex: 10    Spells: 6/6 levels left

rFire   . . .      SeeInvis .   a - +0 war axe
rCold   . . .      Faith    .   c - +0 buckler
rNeg    . . .      Spirit   .   h - +0 chain mail
rPois   +          Reflect  .   (no helmet)
rElec   .          Harm     .   k - +0 cloak
rCorr   .          Rampage  .   s - +0 pair of gloves
Will    +....                   u - +0 pair of boots
Stlth   ..........              (no amulet)
HPRegen 0.17/turn               g - ring of willpower
MPRegen 0.12/turn               m - ring of poison resistance

@: heavily drained
A: no striking features
a: Renounce Religion


You were on level 6 of the Dungeon.
You worshipped Beogh.
Beogh was aware of your devotion.
You visited 1 branch of the dungeon, and saw 6 of its levels.

You collected 187 gold pieces.
You spent 45 gold pieces at shops.

Inventory:

Hand Weapons
 a - a +0 war axe (weapon)
 H - a +1 halberd
Missiles
 z - 4 throwing nets (quivered)
 B - 2 silver boomerangs
Armour
 c - a +0 buckler (worn)
 h - a +0 chain mail (worn)
 k - a +0 cloak (worn)
 s - a +0 pair of gloves (worn)
 u - a +0 pair of boots (worn)
Jewellery
 g - a ring of willpower (left hand)
 m - a ring of poison resistance (right hand)
Wands
 t - a wand of flame (34)
Scrolls
 i - a scroll of torment {unknown}
 l - 2 scrolls of noise {unknown}
 n - 2 scrolls of enchant weapon {unknown}
 p - a scroll of summoning {unknown}
 q - a scroll of acquirement {unknown}
 r - 2 scrolls of identify
 v - 2 scrolls of enchant armour {unknown}
 x - a scroll of fog {unknown}
 y - a scroll of fear {unknown}
 F - a scroll of poison {unknown}
 G - a scroll of vulnerability {unknown}
Potions
 b - a potion of flight {unknown}
 d - 2 potions of might
 e - a potion of degeneration {unknown}
 f - 4 potions of curing
 j - 2 potions of resistance {unknown}
 o - 2 potions of mutation
 w - 3 potions of lignification
 A - a potion of berserk rage {unknown}
 C - 2 potions of heal wounds {unknown}
 D - a potion of magic
 E - a potion of attraction {unknown}


   Skills:
 - Level 5.2 Fighting
 * Level 9.1 Axes
 - Level 3.2 Armour
 - Level 4.0 Shields
 + Level 4.8 Invocations


You had 6 spell levels left.
You didn't know any spells.
Your spell library contained the following spells:

 Spells                   Type           Power      Damage    Failure   Level
 Sublimation of Blood     Necr           0%         N/A       100%        2
 Wereblood                Tmut           0%         N/A       100%        2
 Summon Hydra             Summ           0%         N/A       100%        7


Dungeon Overview and Level Annotations

Branches:
Dungeon (6/15)             Temple (0/1) D:5

Altars:
Kikubaaqudgha

Shops:
D:2 [


Message History

You are too injured to fight recklessly!
You are too injured to fight recklessly!
You are too injured to fight recklessly!
You are too injured to fight recklessly!
You are too injured to fight recklessly!
You barely miss the wight.
The wight is moderately damaged.
The wight hits you with a +0 hand axe.
You feel drained. The wight hits you but does no damage.
You hit the wight but do no damage.
The wight is moderately damaged.
The wight barely misses you. x2
You hit the wight.
The wight is moderately damaged.
The wight hits you from afar with a +4 spear.
The wight hits you with a +0 hand axe!
* * * LOW HITPOINT WARNING * * *
You feel drained.
* * * LOW HITPOINT WARNING * * *
You slash the wight!
The wight is almost destroyed.
The wight hits you from afar with a +4 spear.
* * * LOW HITPOINT WARNING * * *
You block the wight's attack.
You feel better.
The wight hits you from afar with a +4 spear.
* * * LOW HITPOINT WARNING * * *
The wight closely misses you.
You hit the wight but do no damage.
The wight is almost destroyed.
You block the wight's attack. x2; The wight hits you with a +0 hand axe.
* * * LOW HITPOINT WARNING * * *
You feel drained.
* * * LOW HITPOINT WARNING * * *
The wight barely misses you.
You slash the wight!
You destroy the wight!
Beogh accepts your kill.
The wight hits you from afar with a +4 spear.
You die...

....... ...... .
...... ..###.#.# ###
......... ....
........#########..#
..............@....##
..............).....#
########†<..z.....#.#
#..[###)..##..#
#.....#.###.#..#
#...#...#.. ..#.# #..
#####...# ..#.# #
#...# ..#.# .#.## .##


You could see a wight.

Vanquished Creatures
  3 ice beasts (D:5)
  A necrophage (D:5)
  3 wights (D:6)
  A howler monkey (D:5)
  2 hounds
  Jessica (D:3)
  A gnoll shaman (D:5)
  6 adders
  5 gnolls (D:5)
  2 ufetubi
  6 worms
  A dart slug (D:2)
  6 orcs
  4 bats
  5 endoplasms
  5 giant cockroaches
  11 goblins
  2 hobgoblins (D:4)
  11 jackals
  5 kobolds
  2 quokkas
  7 ball pythons
  2 frilled lizards (D:3)
  3 rats
95 creatures vanquished.

Vanquished Creatures (others)
  A human (D:4)
  2 orcs (D:4)
  A goblin (D:4)
  3 plants (D:5)
7 creatures vanquished.

Grand Total: 102 creatures vanquished

Notes
Turn   | Place    | Note
-------+----------+-------------------------------------------
     0 | D:1      | wilfster70 the Hill Orc Fighter began the quest for the
                  | Orb.
     0 | D:1      | Reached XP level 1. HP: 19/19 MP: 1/1
    29 | D:1      | Reached skill level 3 in Axes
    59 | D:1      | Reached XP level 2. HP: 27/27 MP: 2/2
   400 | D:1      | Reached XP level 3. HP: 30/33 MP: 3/3
   924 | D:2      | Reached skill level 4 in Axes
   935 | D:2      | Found Ubeikuz's Armour Emporium.
   943 | D:2      | Bought a +0 cloak for 45 gold pieces
  1804 | D:3      | Noticed Jessica
  1811 | D:3      | Killed Jessica
  1812 | D:3      | Reached XP level 4. HP: 27/41 MP: 4/4
  2130 | D:3      | Found a faded altar of an unknown god.
  2191 | D:3      | Reached skill level 5 in Axes
  2651 | D:4      | Reached XP level 5. HP: 47/47 MP: 5/5
  2751 | D:4      | Became a worshipper of Beogh the Brigand
  3057 | D:4      | Found an ancient bone altar of Kikubaaqudgha.
  3064 | D:4      | Noticed a human
  3067 | D:4      | Killed a human
  3179 | D:5      | Entered Level 5 of the Dungeon
  3186 | D:5      | Found a staircase to the Ecumenical Temple.
  3209 | D:5      | Noticed an ice beast
  3215 | D:5      | Killed an ice beast
  3216 | D:5      | Reached skill level 5 in Fighting
  3216 | D:5      | Reached skill level 6 in Axes
  3216 | D:5      | Reached skill level 1 in Invocations
  3216 | D:5      | Reached XP level 6. HP: 56/56 MP: 5/7
  3421 | D:5      | Reached skill level 7 in Axes
  3599 | D:5      | Noticed an ice beast
  3617 | D:5      | Killed an ice beast
  3618 | D:5      | Reached XP level 7. HP: 43/61 MP: 9/9
  3631 | D:5      | Reached skill level 8 in Axes
  3709 | D:5      | Reached * piety under Beogh
  4257 | D:6      | Reached skill level 9 in Axes
  4267 | D:6      | Slain by a wight

Illustrated notes

Levels and vault maps discovered:
D:1:      roderic_chinese_lattice_arrival, layout_loops_cross
D:2:      layout_loops_ring, serial_shops, shop
D:3:      layout_loops_ring, basic_ecumenical_altar, nicolae_wormholes,
          uniq_jessica
D:4:      layout_loops_cross, tgw_kikubaaqudgha
D:5:      layout_loops_ring, minmay_temple_entry_wispy, serial_bayou_crossing
D:6:      nicolae_cairo_tiling, layout_basic, serial_co_window_serial,
          co_window_corner_a, co_window_cross_1, co_window_corner_a,
          co_window_paths_b, co_window_of_opportunity_a, co_window_paths_a,
          co_window_paths_c, co_window_of_opportunity_b, co_window_2corner,
          co_window_broadway_c, glass_columns_a, glass_columns_a,
          glass_columns_b, portal_sewer_entry_f, minmay_shop_damaged

Skill      XL: |  1  2  3  4  5  6  7 |
---------------+----------------------+-----
Axes           | 3 4 5 6 7 9 |  9.1
Fighting       | 4 5 |  5.2
Shields        | 4 |  4.0
Invocations    | 1 3 4 |  4.8
Armour         | |  3.2

Action                   |  1- 3 |  4- 6 |  7- 9 || total
-------------------------+-------+-------+-------++-------
Melee: War axe           |   106 |   144 |    48 ||   298
Invok: Convert to Beogh  |       |     1 |       ||     1
  Use: Scroll            |     2 |     2 |       ||     4
       Potion            |       |       |     1 ||     1
Armor: Scale mail        |    27 |       |       ||    27
       Chain mail        |    22 |    88 |    21 ||   131
Dodge: Dodged            |    62 |    55 |    10 ||   127
Block: Buckler           |    29 |    34 |    10 ||    73

Table legend: (Time is in decaauts)
 A = Elapsed time spent in this place.
 B = Non-inter-level travel time spent in this place.
 C = Inter-level travel time spent in this place.
 D = Time resting spent in this place.
 E = Time spent auto-exploring this place.
 F = Levels seen in this place.
 G = Mean time per level.
                   A        B        C        D        E       F      G
               +--------+--------+--------+--------+--------+-----+--------+
         Total |   4355 |   4264 |     91 |    436 |   2782 |   6 |  725.8 |
       Dungeon |   4355 |   4264 |     91 |    436 |   2782 |   6 |  725.8 |
               +--------+--------+--------+--------+--------+-----+--------+

Top non-repeatable levels by time:
     D:5: 1078 daAuts
     D:3: 944 daAuts
     D:1: 870 daAuts
     D:2: 751 daAuts
     D:4: 670 daAuts
     D:6: 39 daAuts
